 Dungeon Crawl Stone Soup version 0.24-a0-114-g5d539f0 (console) character file.

Game seed: 16620115264508332749

571 Duffy the Chopper (level 7, -14/60 HPs)
             Began as a Naga Gladiator on Feb 15, 2019.
             Demolished by an ogre
             ... wielding a +0 giant spiked club
              (15 damage)
             ... on level 5 of the Dungeon.
             The game lasted 00:03:55 (4766 turns).

Duffy the Chopper (Naga Gladiator)                  Turns: 4766, Time: 00:03:55

Health: -14/60     AC: 16    Str: 16    XL:     7   Next: 34%
Magic:  7/7        EV:  1    Int: 11    God:
Gold:   226        SH:  0    Dex: 12    Spells: 6/6 levels left

rFire    + . .     SeeInvis +   a - +0 war axe
rCold    . . .     Gourm    .   (no shield)
rNeg     . . .     Faith    .   g - +0 plate armour
rPois    +         Spirit   .   c - +0 helmet
rElec    .         Reflect  .   j - +0 cloak
rCorr    .         Harm     .   (no gloves)
MR       .....                  y - +0 naga barding
Stlth    ..........             (no amulet)
HPRegen  0.20/turn              x - ring of protection from fire
MPRegen  0.10/turn              (no ring)

@: short of breath, very slow
A: large, see invisible, deformed body, poison resistance, slowness 2, slow
metabolism 1, spit poison 1, AC +2
a: Spit Poison


You were on level 5 of the Dungeon.
You were not hungry.

You visited 1 branch of the dungeon, and saw 6 of its levels.

You collected 226 gold pieces.

Inventory:

Hand Weapons
 a - a +0 war axe (weapon)
 b - a +0 blowgun
Missiles
 d - 3 throwing nets (quivered)
 s - 3 curare-tipped needles
Armour
 c - a +0 helmet (worn)
 g - a +0 plate armour (worn)
 j - a +0 cloak (worn)
 y - a +0 naga barding (worn)
Magical Staves
 B - an uncursed staff of poison {!a, unknown}
Jewellery
 x - a ring of protection from fire (left hand)
Wands
 n - a wand of paralysis (15)
 t - a wand of flame (24)
Scrolls
 e - 3 scrolls of identify
 h - a scroll of fear {unknown}
 i - 4 scrolls of remove curse
 k - a scroll of fog {unknown}
 r - 4 scrolls of teleportation
 v - a scroll of magic mapping {unknown}
 w - a scroll of blinking {unknown}
 A - a scroll of amnesia {unknown}
 D - a scroll of enchant armour {unknown}
Potions
 l - 3 potions of curing
 m - 2 potions of might
 o - a potion of mutation {unknown}
 p - a potion of heal wounds {unknown}
 q - a potion of ambrosia {unknown}
 u - a potion of cancellation {unknown}
 z - 2 potions of invisibility {unknown}
 C - a potion of agility {unknown}
Comestibles
 f - 12 rations


   Skills:
 - Level 2.0 Fighting
 + Level 6.1 Axes
 - Level 1.7 Throwing
 + Level 4.3 Armour
 - Level 2.4 Dodging


You had 6 spell levels left.
You didn't know any spells.
Your spell library was empty.

Dungeon Overview and Level Annotations

Branches:
Dungeon (6/15)             Temple (0/1) D:5

Altars:
Dithmenos
Fedhas


Innate Abilities, Weirdness & Mutations

You cannot wear boots.
Your serpentine skin is tough. (AC +2)
You have supernaturally acute eyesight. (SInv)
Armour fits poorly on your strangely shaped body.
Your system is resistant to poisons. (rPois)
You cover ground very slowly.
You have a slow metabolism.
You can spit poison.


Message History

You hit the ogre but do no damage.
The ogre is moderately wounded.
You have got your breath back.
The ogre hits you with a +0 giant spiked club.
You slash the ogre!
The ogre is severely wounded.
The ogre hits you with a +0 giant spiked club.
Press: ? - help, Shift-Dir - straight line, f - ogre
Aim: an ogre, wielding a +0 giant spiked club (severely wounded)
The splash of poison hits the ogre.
The ogre is almost dead.
You feel slightly more hungry.
Your plate armour prevents you from hitting the ogre.
The ogre is almost dead.
The ogre hits you with a +0 giant spiked club!
You can't do that yet.
You hit the ogre.
The ogre is almost dead.
The ogre hits you with a +0 giant spiked club!
You die...

.....%###.. ........
....%.# .. #......### #
......### #..#..... ..###.#
........#.#.......# ..#...#
.............###..# ......>
#.....%##......#..##.......
.........#.##......#....#
#........### #...O%.....#
#####.....####.##@#.....#
.#.#............#####......
..........###.>.## ...#.#
###.#.....###....# .## #
.##.#.....##....### ##
###.................
#.#.....###........#
........# #........#
........####......##


You could see an ogre.

Vanquished Creatures
  A phantom (D:5)
  A centaur (D:6)
  A scorpion (D:6)
  2 hounds
  2 orc wizards
  An iguana (D:5)
  3 worker ants
  A howler monkey skeleton (D:5)
  4 adders
  A shadow imp (D:5)
  2 worms
  A dart slug (D:1)
  3 leopard geckos
  11 orcs
  A giant cockroach (D:6)
  3 goblins (D:1)
  4 hobgoblins
  16 jackals
  2 quokkas
  A ball python (D:1)
  A bat (D:2)
  2 frilled lizards
  5 kobolds
  2 quokka skeletons (D:4)
  A rat (D:1)
72 creatures vanquished.

Notes
Turn   | Place    | Note
-------+----------+-------------------------------------------
     0 | D:1      | Duffy the Naga Gladiator began the quest for the Orb.
     0 | D:1      | Reached XP level 1. HP: 19/19 MP: 1/1
   172 | D:1      | Reached XP level 2. HP: 6/26 MP: 2/2
   584 | D:1      | Reached skill level 1 in Armour
   987 | D:2      | Reached XP level 3. HP: 27/32 MP: 3/3
  1767 | D:3      | You fall through a shaft for 3 floors!
  1767 | D:6      | Found a blossoming altar of Fedhas.
  1768 | D:6      | Noticed a scorpion
  1771 | D:6      | Killed a scorpion
  1771 | D:6      | Reached skill level 4 in Axes
  1771 | D:6      | Reached XP level 4. HP: 39/39 MP: 4/4
  1778 | D:6      | Reached XP level 5. HP: 38/45 MP: 5/5
  1812 | D:6      | Noticed a centaur
  1826 | D:6      | Killed a centaur
  1826 | D:6      | Reached skill level 5 in Axes
  1826 | D:6      | Reached XP level 6. HP: 8/52 MP: 6/6
  2196 | D:5      | Entered Level 5 of the Dungeon
  2875 | D:3      | Found a faded altar of an unknown god.
  4116 | D:5      | Found a staircase to the Ecumenical Temple.
  4153 | D:5      | Found a shadowy altar of Dithmenos.
  4210 | D:5      | Reached XP level 7. HP: 37/60 MP: 7/7
  4610 | D:5      | Reached skill level 6 in Axes
  4765 | D:5      | HP: 1/60 [ogre/+0 giant spiked club (17)]
  4766 | D:5      | Demolished by an ogre

Levels and vault maps discovered:
D:1:      minmay_arrival_wavy_path, layout_loops_ring
D:2:      layout_rooms, first_ration
D:3:      layout_loops_corners, chequers_ecumenical_altar_grove,
          minmay_misc_feat_roman
D:4:      layout_rooms
D:5:      layout_cave_pools, kennysheep_little_box,
          minmay_temple_entry_statues_pillars, grunt_dithmenos_smoke
D:6:      layout_loops_cross, basic_altar

Skill      XL: |  1  2  3  4  5  6  7 |
---------------+----------------------+-----
Armour         | 1 2 3 4 |  4.3
Axes           | 4 5 6 |  6.1
Fighting       | |  2.0
Throwing       | |  1.7
Dodging        | |  2.4

Action                   |  1- 3 |  4- 6 |  7- 9 || total
-------------------------+-------+-------+-------++-------
Melee: War axe           |    64 |   161 |    65 ||   290
 Abil: Spit Poison       |     9 |    11 |     3 ||    23
  Use: Scroll            |     6 |       |       ||     6
  Eat: Chunk             |     2 |     7 |     2 ||    11
Armor: Plate armour      |    55 |   222 |    72 ||   349
       Leather armour    |     1 |       |       ||     1
Dodge: Dodged            |    12 |    42 |     4 ||    58

Table legend:
 A = Non-vault XP
 B = Vault XP
 C = Vault XP percentage of total XP
 D = Non-vault monster count
 E = Vault monster count
 F = Vault count percentage of total count
                 A         B        C        D         E       F
            +---------+---------+-------+---------+---------+-------
      Total |     817 |       0 |   0.0 |      72 |       0 |   0.0
            +---------+---------+-------+---------+---------+-------
        D:1 |      22 |       0 |   0.0 |      13 |       0 |   0.0
        D:2 |      20 |       0 |   0.0 |       4 |       0 |   0.0
        D:3 |      23 |       0 |   0.0 |      10 |       0 |   0.0
        D:4 |      63 |       0 |   0.0 |       9 |       0 |   0.0
        D:5 |     351 |       0 |   0.0 |      21 |       0 |   0.0
        D:6 |     338 |       0 |   0.0 |      15 |       0 |   0.0
            +---------+---------+-------+---------+---------+-------
